[Event "*** SCC Grand Prix: Titled Tuesday Blitz"]
[Site "Chess.com"]
[Date "2020.06.02"]
[Round "9"]
[White "politeplayer"]
[Black "SoltaniciR"]
[Result "0-1"]
[WhiteElo "2264"]
[BlackElo "2450"]
[TimeControl "180+1"]
[EndTime "11:47:01 PDT"]
[Termination "SoltaniciR won on time"]

1. e4 c5 2. Nf3 d6 3. d4 cxd4 4. Nxd4 Nf6 5. Nc3 a6 6. Bc4 e6 7. a4 Nc6 8. Be3 Be7 9. Ba2 Qc7 10. O-O O-O 11. f4 Nb4 12. Bb3 b6 13. Qd2 Bb7 14. f5 e5 15. Nf3 Rfd8 16. Ng5 d5 17. exd5 Nbxd5 18. Nxd5 Bxd5 19. Qf2 Rab8 20. Qh4 Bxb3 21. cxb3 h6 22. Ne4 Qc2 23. Nxf6+ Bxf6 24. Qg3 Qxb3 25. Rac1 Rd3 26. Rfe1 Rbd8 27. Qf2 Qxa4 28. Bxb6 R8d7 0-1

[Event "*** SCC Grand Prix: Titled Tuesday Blitz"]
[Site "Chess.com"]
[Date "2020.06.02"]
[Round "9"]
[White "CzechmVIII"]
[Black "mfwagnerpeixoto"]
[Result "0-1"]
[WhiteElo "2161"]
[BlackElo "2249"]
[TimeControl "180+1"]
[EndTime "11:47:01 PDT"]
[Termination "mfwagnerpeixoto won on time"]

1. e4 c5 2. Nf3 Nc6 3. Nc3 Nf6 4. Bb5 g6 5. e5 Ng4 6. Bxc6 dxc6 7. h3 Nh6 8. d3 Nf5 9. Bf4 Bg7 10. Qd2 O-O 11.
Ne4 b6 12. O-O Nd4 13. Nh2 f5 14. exf6 exf6 15. Be3 Ne6 16. Bh6 Qc7 17. Bxg7 Kxg7 18. Nc3 f5 19. Rae1 Bd7 20. Nf3 Nd4 21. Nxd4 cxd4 22.
Ne2 c5 23. Nf4 Rae8 24. g3 Qd6 25. h4 Bc6 26. Rxe8 Rxe8 27. Re1 Rxe1+ 28. Qxe1 Kf7 29. Kh2 h6 30. Qd2 Qe5 31. Qe2 Qxe2 32. Nxe2 Bd5 33. b3 Bf3 34. Nf4 Bd1 35. Nd5 Bxc2 36. Kg1 Bxd3 37. f4 Bb1 0-1

[Event "*** SCC Grand Prix: Titled Tuesday Blitz"]
[Site "Chess.com"]
[Date "2020.06.02"]
[Round "9"]
[White "tan275"]
[Black "hectorfiori"]
[Result "0-1"]
[WhiteElo "2198"]
[BlackElo "2380"]
[TimeControl "180+1"]
[EndTime "11:47:02 PDT"]
[Termination "hectorfiori won by resignation"]

1. d4 Nf6 2. c4 e6 3. g3 c5 4. d5 exd5 5. cxd5 d6 6. Bg2 g6 7. Nc3 Bg7 8. Nf3 O-O 9. O-O Na6 10. a4 Nb4 11. e4 Re8 12. Re1 a6 13. Bf4 Nh5 14. Bg5 f6 15. Be3 f5 16. Bg5 Bf6 17.
Bxf6 Qxf6 18. Qd2 f4 19. Ne2 g5 20. h4 fxg3 21. hxg5 gxf2+ 22. Kxf2 Qf7 23. Rh1 Bg4 24. Raf1 Rxe4 25. Kg1 Qe7 26. Nc3 Re3 27. Nh4 Ng3 28. g6 h5 29. Qf2 Nxf1 30. Bxf1 Rf8 31. Qg2 Bf3 32. Qd2 Qg5+ 0-1

[Event "*** SCC Grand Prix: Titled Tuesday Blitz"]
[Site "Chess.com"]
[Date "2020.06.02"]
[Round "9"]
[White "Indianlad"]
[Black "avantage_ru"]
[Result "1/2-1/2"]
[WhiteElo "3011"]
[BlackElo "2734"]
[TimeControl "180+1"]
[EndTime "11:47:03 PDT"]
[Termination "Game drawn by repetition"]

1. d4 g6 2. e4 Bg7 3. Nf3 c6 4. c4 d6 5. Nc3 Nf6 6. Be2 O-O 7. O-O e5 8. d5 Na6 9. Be3 Ng4 10. Bg5 f6 11.
Bd2 f5 12. Bg5 Nf6 13. exf5 gxf5 14. a3 c5 15. g3 Bd7 16. Nh4 h6 17. Bd2 f4 18.
Qc2 Nh7 19. Kh1 Ng5 20. Bd3 Nc7 21. Ne4 Bh3 22. Nxg5 Qxg5 23. Rg1 b5 24. Bh7+ Kh8 25. Be4 Kg8 26. Ng6 Qh5 27. gxf4 bxc4 28. Rg3 exf4 29. Ne7+ Kh8 30. Bf3 fxg3 31. Bxh5 Rxf2 32. Ng6+ Kg8 33. Ne7+ Kh8 34. Ng6+ Kg8 35. Ne7+ Kh8 1/2-1/2

[Event "*** SCC Grand Prix: Titled Tuesday Blitz"]
[Site "Chess.com"]
[Date "2020.06.02"]
[Round "9"]
[White "AsaHoffmann"]
[Black "PowerThinking2650"]
[Result "0-1"]
[WhiteElo "2439"]
[BlackElo "2295"]
[TimeControl "180+1"]
[EndTime "11:47:03 PDT"]
[Termination "PowerThinking2650 won by resignation"]

1. d4 Nf6 2. Bg5 g6 3. Nc3 d5 4. f3 c5 5. e4 cxd4 6. Qxd4 Nc6 7.
Bb5 dxe4 8. Qxd8+ Kxd8 9. O-O-O+ Kc7 10. Bxf6 exf6 11. Nd5+ Kb8 12. Bxc6 bxc6 13. Nxf6 Bh6+ 14. Kb1 e3 15. Ne2 Kc7 16. h4 Rb8 17. b3 a5 18. Nc3 Bg7 19. Nce4 Bf5 20. g4 Bxe4 21. Nxe4 f5 22. gxf5 gxf5 23. Nc5 Bc3 24. Na6+ Kb6 25. Nxb8 Rxb8 26. f4 e2 27. Rde1 Re8 28. Kc1 Kc5 29. h5 h6 30. Rhg1 Re4 31. Rh1 Kb4 32. Kb1 a4 33. Kc1 c5 34. Kb1 c4 35. Kc1 axb3 36. cxb3 cxb3 37. axb3 Kxb3 38. Rh3 Ra4 39. Rxc3+ Kxc3 40. Kb1 Kd2 41. Rh1 e1=Q+ 42. Rxe1 Kxe1 0-1

[Event "*** SCC Grand Prix: Titled Tuesday Blitz"]
[Site "Chess.com"]
[Date "2020.06.02"]
[Round "9"]
[White "m-garcett"]
[Black "MilanJeremic"]
[Result "0-1"]
[WhiteElo "2065"]
[BlackElo "2241"]
[TimeControl "180+1"]
[EndTime "11:47:04 PDT"]
[Termination "MilanJeremic won by resignation"]

1. e4 c6 2. c4 g6 3. d4 d5 4. exd5 cxd5 5. Nc3 Nf6 6. Nf3 Bg7 7. Bd3 O-O 8. O-O Bg4 9. c5 Nc6 10. Be3 a5 11. h3 Bxf3 12. Qxf3 e6 13. a3 b6 14. Bb5 Na7 15. b4 Nxb5 16. Nxb5 axb4 17. axb4 bxc5 18. bxc5 Ne4 19. Bf4 Rxa1 20. Rxa1 Nxc5 21. Bd6 Ne4 22. Bxf8 Bxf8 23. Ra7 Be7 24. Qf4 Bf6 25. Rb7 Qa5 26. Qb8+ Kg7 27. Qe8 Qe1+ 28. Kh2 Ng5 29. Nd6 Be5+ 30. dxe5 Qxe5+ 31. g3 Qxd6 32. Rb8 Qc5 33.
Kg2 Ne4 34. Qf8+ Kf6 35. Qh8+ Kf5 36. Qxh7 Qxf2+ 0-1

[Event "*** SCC Grand Prix: Titled Tuesday Blitz"]
[Site "Chess.com"]
[Date "2020.06.02"]
[Round "9"]
[White "Roza_Idrisova"]
[Black "czasnaszachy"]
[Result "1/2-1/2"]
[WhiteElo "2173"]
[BlackElo "2332"]
[TimeControl "180+1"]
[EndTime "11:47:04 PDT"]
[Termination "Game drawn by agreement"]

1. d4 d5 2. Nf3 Nf6 3. Bg5 Ne4 4. Bf4 e6 5. c3 Bd6 6. Bg3 O-O 7. Nbd2 f5 8. e3 b6 9. Bd3 c5 10. Be5 c4 11.
Bc2 Nc6 12. Bxd6 Qxd6 13. O-O Bd7 14. Nxe4 fxe4 15. Nd2 Rf6 16. f3 exf3 17. Rxf3 Raf8 18. Rxf6 Rxf6 19. Qe2 e5 20. Rf1 e4 21. b3 b5 22.
b4 Ne7 23. Rxf6 Qxf6 24. Qf2 Qg5 25. Nf1 h5 26. Qg3 Qxg3 27. Nxg3 g6 28. h3 Kg7 29.
Bd1 Kf6 30. Ne2 g5 31. Kf2 Nf5 32. g3 Nd6 33. Ng1 g4 34. hxg4 hxg4 35. Ne2 Bc6 36. Nf4 Kf5 37. Ke1 Nf7 38. Kd2 Ng5 39. Ke2 Nf3 40.
Bc2 Ng1+ 41. Kf2 Nf3 42. Ng2 Ng5 43. Nh4+ Kf6 44. Bd1 Nf3 45. Ng2 Kf5 46. Nf4 Bb7 47.
Ng2 Bc6 48. Ke2 Bb7 49. Bc2 Ng1+ 50. Kf2 Nf3 1/2-1/2

[Event "*** SCC Grand Prix: Titled Tuesday Blitz"]
[Site "Chess.com"]
[Date "2020.06.02"]
[Round "9"]
[White "Evgeny81"]
[Black "FabianoCaruana"]
[Result "0-1"]
[WhiteElo "2722"]
[BlackElo "2999"]
[TimeControl "180+1"]
[EndTime "11:47:06 PDT"]
[Termination "FabianoCaruana won by resignation"]

1. d4 Nf6 2. Nf3 d6 3. c4 g6 4.
Nc3 Bf5 5. Nd2 e5 6. d5 e4 7. Nb3 Bg7 8. h3 h5 9. Bg5 Nbd7 10. e3 h4 11. Be2 Qe7 12. Nd4 Ne5 13. Qc2 a6 14.
Bxf6 Bxf6 15. Nxe4 Bxe4 16. Qxe4 O-O 17. O-O Bg7 18.
f4 f5 19. Qc2 Nxc4 20. Qxc4 Qxe3+ 21. Kh1 Bxd4 22. Rf3 b5 23. Rxe3 bxc4 24. Re6 Bxb2 25. Re1 c3 26. Bd3 Kg7 27. Kg1 Ba3 28. Kf2 Rab8 29.
Kf3 Rb2 30. R1e2 Bc5 31. Rc2 Kf7 32. Ree2 Bd4 33. Bxa6 Ra8 34. Bd3 Raxa2 35. g3 hxg3 36. Kxg3 Ra1 37. Kf3 Rd1 38. Bc4 Rd2 39. Rcxd2 cxd2 0-1

[Event "*** SCC Grand Prix: Titled Tuesday Blitz"]
[Site "Chess.com"]
[Date "2020.06.02"]
[Round "9"]
[White "gurelediz"]
[Black "Mikhal867"]
[Result "0-1"]
[WhiteElo "2589"]
[BlackElo "2334"]
[TimeControl "180+1"]
[EndTime "11:47:06 PDT"]
[Termination "Mikhal867 won by resignation"]

1. e4 g6 2. d4 Bg7 3. Nf3 d6 4. Bc4 e6 5. O-O Ne7 6. Bb3 Nd7 7. Bf4 h6 8. c3 g5 9. Bg3 Ng6 10. Re1 b6 11. Nbd2 g4 12. Nh4 Nxh4 13. Qxg4 Qg5 14. Qxh4 Qxd2 15. Re3 Bf6 16. Qh5 Ke7 17. Rd1 Qxb2 18.
Rf3 Qe2 19. Bh4 Rg8 20. Kh1 Bb7 21. Bxf6+ Nxf6 22. Qh4 Rg6 23. Re3 Qg4 24. Qxg4 Nxg4 25. Re2 Bxe4 26. f3 Bf5 27. fxg4 Bxg4 28. Rde1 Bxe2 29.
Rxe2 Rf6 30. Kg1 Rg8 31. c4 c5 32. d5 e5 33. g3 Rf4 34. Kg2 f5 35. Re3 Kf6 36.
a4 h5 37. Re2 h4 38. Kh3 hxg3 39. hxg3 Rf3 40. Bc2 Rfxg3+ 41. Kh2 R3g5 42. Kh1 Rh8+ 43. Rh2 Rxh2+ 44. Kxh2 e4 45. Kh3 Ke5 46. Kh4 0-1

[Event "*** SCC Grand Prix: Titled Tuesday Blitz"]
[Site "Chess.com"]
[Date "2020.06.02"]
[Round "9"]
[White "CMS13"]
[Black "Orest_Vovk"]
[Result "0-1"]
[WhiteElo "2235"]
[BlackElo "2391"]
[TimeControl "180+1"]
[EndTime "11:47:06 PDT"]
[Termination "Orest_Vovk won by checkmate"]

1. e4 d6 2. Nc3 Nf6 3. Bc4 c6 4. d3 g6 5. Bb3 Bg7 6. f4 Bg4 7.
Nf3 O-O 8. O-O Qb6+ 9. Kh1 Nbd7 10. h3 Bxf3 11. Qxf3 Nc5 12. Na4 Nxa4 13. Bxa4 Nd7 14. Bb3 Nc5 15. Be3 Qa5 16. f5 Nxb3 17. axb3 Qe5 18. c3 a5 19. Bd4 Qb5 20. Bxg7 Kxg7 21. f6+ exf6 22. Qxf6+ Kg8 23. Qxd6 Rad8 24. Qf6 Rxd3 25.
e5 Qxb3 26. Rxa5 Rd1 27. Rxd1 Qxd1+ 28. Kh2 Qb3 29. Qf2 Re8 30. Qe2 b5 31. Ra7 Qe6 32. Rc7 Qd5 33. Qf3 Qxf3 34. gxf3 Rxe5 35. Rxc6 Re2+ 36.
Kg3 Rxb2 37. Rb6 Rb3 38. Rc6 Kg7 39. Kf4 h6 40. Ke4 b4 41. cxb4 Rxb4+ 42. Ke3 Rh4 43. Kf2 Rxh3 44. Kg2 Rh5 45. Rd6 Rf5 46. Kg3 Rf6 47.
Rd7 g5 48. Kg4 Rf4+ 49. Kg3 Ra4 50. Rd6 h5 51. Rd5 Kg6 52. Rd6+ f6 53. Rd8 Ra3 54.
Rg8+ Kf5 55. Rh8 h4+ 56. Kg2 Kf4 57. Rf8 f5 58. Rb8 Ra2+ 59. Kh3 g4+ 60. fxg4 fxg4+ 61. Kxh4 Rh2# 0-1

[Event "*** SCC Grand Prix: Titled Tuesday Blitz"]
[Site "Chess.com"]
[Date "2020.06.02"]
[Round "9"]
[White "reniite"]
[Black "Ariadna_Atreides"]
[Result "0-1"]
[WhiteElo "1802"]
[BlackElo "2030"]
[TimeControl "180+1"]
[EndTime "11:47:06 PDT"]
[Termination "Ariadna_Atreides won on time"]

1. e4 c5 2. Nf3 d6 3. d4 cxd4 4. Nxd4 Nf6 5. Nc3 Nc6 6. h3 e5 7. Nde2 Be7 8. g4 h6 9. Bg2 Be6 10. Ng3 Qd7 11. Nf5 g6 12. Nxh6 O-O-O 13. Nd5 Bxd5 14.
exd5 Nb4 15. Nxf7 Qc7 16. c3 Na6 17. Nxh8 Rxh8 18. Be3 Nd7 19. Qe2 Kb8 20. O-O-O Qa5 21.
Kb1 Nac5 22. b4 Qb6 23. Qb2 Qc7 24. bxc5 Nxc5 25. Bxc5 Qxc5 26. Ka1 Rc8 27. Rb1 b6 28. Rhc1 e4 29. Qb4 Qxf2 30. Bxe4 Ka8 31. Rc2 Qf4 32. Rbc1 Bg5 33. Rb1 Qe5 34. Qd4 Qe7 35. Qd3 Bf6 36.
Rbc1 Bg5 37. Rd1 Bf6 38. Bxg6 Qg7 39. Bf5 Bxc3+ 40. Kb1 Rc5 41. Rdc1 Ba1 42. Qb3 Bd4 0-1

[Event "*** SCC Grand Prix: Titled Tuesday Blitz"]
[Site "Chess.com"]
[Date "2020.06.02"]
[Round "9"]
[White "vladislavkovalev"]
[Black "BakaPG"]
[Result "1-0"]
[WhiteElo "2887"]
[BlackElo "2718"]
[TimeControl "180+1"]
[EndTime "11:47:07 PDT"]
[Termination "vladislavkovalev won on time"]

1. e4 e6 2. d4 d5 3. Bd3 Nf6 4. e5 Nfd7 5. Ne2 c5 6. c3 Nc6 7. Nd2 cxd4 8. cxd4 f6 9. exf6 Nxf6 10. O-O Bd6 11. Nf3 O-O 12. Bf4 Bxf4 13. Nxf4 Ne4 14. Qc1 Qf6 15. Ne2 e5 16. dxe5 Nxe5 17. Nxe5 Qxe5 18. f3 Nf6 19. Re1 Bd7 20. Qd2 Rae8 21. Rad1 g6 22. Bb1 Bc6 23. Qd4 Qg5 24. Nf4 a6 25.
Ne6 Rxe6 26. Rxe6 Nh5 27. Re5 Qf6 28. Ree1 Qg5 29. Qe5 Qh4 30. Rd4 Nf4 31. g3 Nh3+ 32. Kg2 Qg5 33. Qe6+ Rf7 34. Qxh3 Qf6 35. Qg4 g5 36. h4 h6 37. Re3 1-0

[Event "*** SCC Grand Prix: Titled Tuesday Blitz"]
[Site "Chess.com"]
[Date "2020.06.02"]
[Round "9"]
[White "sunofadawn"]
[Black "swisspower96"]
[Result "1-0"]
[WhiteElo "2399"]
[BlackElo "2550"]
[TimeControl "180+1"]
[EndTime "11:47:09 PDT"]
[Termination "sunofadawn won by resignation"]

1. d4 Nf6 2. c4 e6 3. g3 Bb4+ 4. Nd2 c5 5. a3 Bxd2+ 6. Qxd2 cxd4 7. Nf3 d5 8. cxd5 Qxd5 9. Bg2 Nc6 10. O-O O-O 11.
b4 a5 12. Bb2 axb4 13. Nxd4 Qh5 14. Nxc6 bxc6 15. axb4 Rxa1 16. Rxa1 e5 17. Bxc6 Ng4 18.
h4 Qf5 19. e4 Qf3 20. Ra3 Qf6 21. b5 Rd8 22. Bd5 Be6 23. Qe2 Bxd5 24. exd5 h5 25. Ra6 Qf5 26. d6 e4 27. b6 Qd5 28. Ra4 f5 29.
Qc4 Qxc4 30. Rxc4 Kf7 31. b7 Rb8 32. Rc7+ Ke8 33. Bd4 Kd8 34. Bb6 1-0

[Event "*** SCC Grand Prix: Titled Tuesday Blitz"]
[Site "Chess.com"]
[Date "2020.06.02"]
[Round "9"]
[White "m_ezat"]
[Black "Pechen_Yeltsina"]
[Result "0-1"]
[WhiteElo "2542"]
[BlackElo "2718"]
[TimeControl "180+1"]
[EndTime "11:47:10 PDT"]
[Termination "Pechen_Yeltsina won by resignation"]

1. d4 g6 2. c4 Bg7 3. e4 d6 4.
Nc3 e5 5. dxe5 dxe5 6. Qxd8+ Kxd8 7. f4 Nc6 8. Nf3 Be6 9. Be2 Nf6 10. O-O Kc8 11. f5 gxf5 12. exf5 Bxf5 13. Ng5 Bg6 14. Nxf7 Bxf7 15. Bg5 Nd4 16. Bxf6 Nxe2+ 17. Nxe2 Bxf6 18. Rxf6 Bxc4 19. Ng3 b6 20. Rc1 Bd5 21. b3 Kb7 22. Nf5 Rhf8 23. Rxf8 Rxf8 24. Ne3 Be6 25. Re1 Rg8 26.
g3 Kc6 27. Nc2 Kd6 28. Nb4 c5 29. Nd3 Rg5 30. Nf2 Bd5 31. Nh3 Rf5 32. Nf2 h5 33. Rd1 Ke6 34. Re1 b5 35. Nd1 Rf3 36. Ne3 c4 37. bxc4 bxc4 38. Re2 c3 39. Ng2 Bc4 40. Re1 c2 41. Nf4+ Kd6 42. Kg2 Rf1 0-1

[Event "*** SCC Grand Prix: Titled Tuesday Blitz"]
[Site "Chess.com"]
[Date "2020.06.02"]
[Round "9"]
[White "Balla_Tamas"]
[Black "Leonid_Starozhilov"]
[Result "1-0"]
[WhiteElo "2495"]
[BlackElo "2695"]
[TimeControl "180+1"]
[EndTime "11:47:10 PDT"]
[Termination "Balla_Tamas won on time"]

1. e4 g6 2. d4 Bg7 3. Bc4 d6 4.
Nf3 Nf6 5. Qe2 Nc6 6. c3 O-O 7. O-O Bg4 8. Nbd2 e5 9. h3 Bxf3 10.
Nxf3 exd4 11. cxd4 Nd7 12. Be3 Nb6 13. Bb3 Na5 14.
Bc2 Re8 15. b3 Nc6 16. Qd2 a5 17. d5 Bxa1 18. Rxa1 Ne5 19. Nxe5 dxe5 20. Bd3 Nc8 21. Rc1 Nd6 22. Qc3 c6 23. dxc6 bxc6 24. Qxc6 Rc8 25. Qd5 Rxc1+ 26. Bxc1 Nf5 27. Bc4 Qxd5 28. Bxd5 Nd4 29.
Bd2 Rc8 30. Bxa5 Rc1+ 31. Kh2 Rc2 32. a4 Rxf2 33. Bc7 Ra2 34. a5 h5 35. h4 Ne6 36.
Bxe5 Nc5 37. b4 Ra4 38. bxc5 Rxa5 39. c6 Rc5 40. c7 Kf8 41. Bb7 1-0

[Event "*** SCC Grand Prix: Titled Tuesday Blitz"]
[Site "Chess.com"]
[Date "2020.06.02"]
[Round "9"]
[White "AungTZ"]
[Black "Baby_Shak"]
[Result "1-0"]
[WhiteElo "1970"]
[BlackElo "2570"]
[TimeControl "180+1"]
[EndTime "11:47:10 PDT"]
[Termination "AungTZ won on time"]

1. e4 c5 2. Nf3 g6 3. d4 cxd4 4. Nxd4 Nc6 5. Nc3 Bg7 6. Be3 Nf6 7. Be2 O-O 8. Nb3 a5 9. a4 Nb4 10. O-O d5 11. e5 Ne4 12. f4 Nxc3 13. bxc3 Nc6 14.
Bb5 Bf5 15. Bxc6 bxc6 16. Bc5 Qc7 17. Nd4 Be4 18. Qd2 Rfb8 19. Rab1 Rb7 20. Rxb7 Qxb7 21. Kh1 Rb8 22. h3 Qd7 23. c4 Qxh3+ 24. Kg1 Qg4 25. Nxc6 Rb2 26. Nd4 dxc4 27. Bxe7 h5 28. Nf3 Bxf3 29.
Rxf3 Rb1+ 30. Kh2 Kh7 31. Bg5 Rb4 32. Qd5 Rb2 33. Qxf7 Rxc2 34. Rg3 Qf5 35. Bf6 Rxg2+ 36. Kxg2 Qe4+ 37. Kh2 Qe2+ 38. Rg2 1-0

[Event "*** SCC Grand Prix: Titled Tuesday Blitz"]
[Site "Chess.com"]
[Date "2020.06.02"]
[Round "9"]
[White "Mazetovic"]
[Black "GM_Levan_Pantsulaia"]
[Result "1-0"]
[WhiteElo "2673"]
[BlackElo "2825"]
[TimeControl "180+1"]
[EndTime "11:47:11 PDT"]
[Termination "Mazetovic won by resignation"]

1. e4 c5 2. Nf3 e6 3. d4 cxd4 4. Nxd4 a6 5. c4 Nf6 6. Nc3 Qc7 7. Be2 Bb4 8. O-O O-O 9. Bg5 Be7 10. Rc1 d6 11. Be3 Nbd7 12. f4 Re8 13. Bf3 Bf8 14. g4 e5 15. Nf5 g6 16. g5 gxf5 17.
gxf6 Nxf6 18. Nd5 Nxd5 19. cxd5 Qd8 20. Kh1 Kh8 21. Rg1 Qf6 22. fxe5 dxe5 23. Bg5 Qd6 24.
Bh5 Bg7 25. Bxf7 Rf8 26. Qh5 fxe4 27. Rcf1 Bd7 28. Bh4 Be8 29. Rxg7 Kxg7 30. Bg3 Rxf7 31. Bxe5+ Kg8 32. Rg1+ Qg6 33. Rxg6+ hxg6 34. Qxg6+ Kf8 35. Bd6+ 1-0

[Event "*** SCC Grand Prix: Titled Tuesday Blitz"]
[Site "Chess.com"]
[Date "2020.06.02"]
[Round "9"]
[White "Manukyan_Artak"]
[Black "PauloCesarCosta_sad"]
[Result "1/2-1/2"]
[WhiteElo "2345"]
[BlackElo "2208"]
[TimeControl "180+1"]
[EndTime "11:47:11 PDT"]
[Termination "Game drawn - insufficient material"]

1. e4 e6 2. d4 d5 3. e5 c5 4. c3 Qb6 5. Nf3 Nc6 6. a3 Bd7 7.
b4 cxd4 8. cxd4 Rc8 9. Bb2 Na5 10.
Nbd2 Nc4 11. Bxc4 dxc4 12. Rc1 Bb5 13. Ne4 a5 14. Nc5 axb4 15. axb4 Qc6 16. O-O b6 17. d5 Qxd5 18. Qxd5 exd5 19. Nb7 Bxb4 20. Nd6+ Bxd6 21. exd6 f6 22. Nd4 Bd7 23. Ba3 Nh6 24.
Rb1 b5 25. Nxb5 Bxb5 26. Rxb5 Kf7 27. Rb7+ Kg6 28. d7 Rb8 29. Rxb8 Rxb8 30. Be7 Nf7 31. Rd1 c3 32. h4 c2 33. h5+ Kh6 34. Rc1 Rb1 35. Ba3 Rxc1+ 36. Bxc1+ Kxh5 37. f3 Kg6 38. Kf2 Kf5 39. Ke3 Ke6 40. Kd4 Kxd7 41. Kxd5 Ne5 42.
Kd4 Ke6 43. Kc3 Kf5 44. Kxc2 Ng6 45. Kd1 Nh4 46. g4+ Kg6 47. Ke2 Ng2 48. Kf2 Nh4 49.
Kg3 Nxf3 50. Kxf3 h5 51. Kf4 hxg4 52. Kxg4 Kf7 53. Kh5 g6+ 54. Kh6 g5 55. Bxg5 fxg5 56. Kxg5 1/2-1/2

[Event "*** SCC Grand Prix: Titled Tuesday Blitz"]
[Site "Chess.com"]
[Date "2020.06.02"]
[Round "9"]
[White "imdvb6307"]
[Black "ChainsOfFantasia"]
[Result "1-0"]
[WhiteElo "2385"]
[BlackElo "2473"]
[TimeControl "180+1"]
[EndTime "11:47:12 PDT"]
[Termination "imdvb6307 won by resignation"]

1. c4 Nf6 2. Nc3 e5 3. Nf3 e4 4. Ng5 b5 5. d3 bxc4 6. dxe4 Nc6 7. e3 h6 8. Nf3 Bb4 9. Bd2 O-O 10. Bxc4 Bxc3 11. Bxc3 Nxe4 12. Rc1 Nxc3 13. Rxc3 Rb8 14. Qd2 Qf6 15. O-O d6 16. b3 Bg4 17. Bd5 Bxf3 18.
Rxc6 Bxd5 19. Qxd5 Qb2 20. Qa5 Rb7 21. Rfc1 Re8 22. g3 Re7 23. Qa6 Rb6 24. Qc8+ Kh7 25. Rxc7 Rxc7 26. Rxc7 Qb1+ 27. Kg2 Qe4+ 28. f3 Qd5 29.
Qd7 Kg6 30. e4 Qe6 31. Qxe6+ fxe6 32. Rxa7 Rc6 33. g4 Rc2+ 34. Kg3 d5 35. exd5 exd5 36. a4 d4 37. Rd7 Rc3 38. Rd6+ Kf7 39. Rxd4 Rxb3 40.
h4 g5 41. h5 Rb2 42. Rd6 Kg7 43. a5 Ra2 44. Rg6+ Kh7 45. a6 Ra5 46. Rb6 Ra2 47.
Rb7+ Kh8 48. a7 1-0

[Event "*** SCC Grand Prix: Titled Tuesday Blitz"]
[Site "Chess.com"]
[Date "2020.06.02"]
[Round "9"]
[White "WinstonSilvakov"]
[Black "AGW2016"]
[Result "0-1"]
[WhiteElo "2082"]
[BlackElo "2311"]
[TimeControl "180+1"]
[EndTime "11:47:12 PDT"]
[Termination "AGW2016 won by resignation"]

1. d4 Nf6 2. e3 g6 3. Bd3 Bg7 4.
h4 h5 5. c4 d6 6. Qc2 c5 7.
Ne2 Nc6 8. a3 e5 9. d5 Ne7 10.
e4 O-O 11. Nbc3 Nh7 12. f3 f5 13. Be3 a6 14. O-O-O Rb8 15. Rdg1 f4 16. Bd2 Bd7 17.
g4 fxg3 18. Rxg3 b5 19. Rhg1 Be8 20. f4 exf4 21. Nxf4 b4 22. axb4 cxb4 23. Nce2 Qa5 24. Qb3 Nf6 25. Nd4 Nd7 26. Nde6 Nc5 27. Nxc5 Qxc5 28.
Nxh5 a5 29. Nxg7 Kxg7 30. h5 a4 31. Qc2 a3 32. b3 Qd4 33. Be3 Qe5 34. hxg6 a2 35.
Kd2 a1=Q 36. Rxa1 Qxa1 37. Qb2+ Qxb2+ 0-1

[Event "*** SCC Grand Prix: Titled Tuesday Blitz"]
[Site "Chess.com"]
[Date "2020.06.02"]
[Round "9"]
[White "Zmeeed63"]
[Black "ecwinslow"]
[Result "0-1"]
[WhiteElo "2200"]
[BlackElo "2146"]
[TimeControl "180+1"]
[EndTime "11:47:12 PDT"]
[Termination "ecwinslow won on time"]

1. d4 Nf6 2. c4 g6 3. Nc3 Bg7 4. Nf3 O-O 5. Bg5 d6 6. e3 h6 7. Bh4 c5 8. Be2 cxd4 9. exd4 g5 10. Bg3 Nh5 11. Qd3 e6 12. Nd2 Nxg3 13. hxg3 Nc6 14. a3 Nxd4 15. Rxh6 Bxh6 16. Qxd4 Bg7 17. Qe4 f5 18.
Qf3 g4 19. Qe3 a6 20. O-O-O Qc7 21. Rh1 Qe7 22. Nd5 Qd8 23. Nb6 Rb8 24. c5 d5 25. f3 gxf3 26. Nxf3 Qc7 27. b4 Bd7 28.
Qg5 Rf6 29. Bd3 Re8 30. g4 Bb5 31. Bxb5 axb5 32. gxf5 exf5 33. Qh5 Qf4+ 34. Kb1 Qe4+ 35. Ka1 Rh6+ 0-1

[Event "*** SCC Grand Prix: Titled Tuesday Blitz"]
[Site "Chess.com"]
[Date "2020.06.02"]
[Round "9"]
[White "BocharovD"]
[Black "Shtembuliak"]
[Result "0-1"]
[WhiteElo "2799"]
[BlackElo "2897"]
[TimeControl "180+1"]
[EndTime "11:47:13 PDT"]
[Termination "Shtembuliak won by resignation"]

1. c4 g6 2. d4 Bg7 3. Nf3 d6 4.
g3 Nf6 5. Bg2 O-O 6. O-O c6 7.
Nc3 Bf5 8. Ne1 e5 9. d5 cxd5 10. cxd5 a5 11. e4 Bd7 12. Nd3 b5 13. a3 Na6 14. f3 Qb6+ 15. Kh1 Rfc8 16. Qe2 b4 17. axb4 Nxb4 18. Be3 Qb7 19. Rf2 Nh5 20. Rd1 f5 21.
exf5 gxf5 22. f4 Nxd3 23. Rxd3 e4 24. Rd2 Nf6 25. Bd4 Ng4 26. Rf1 Bxd4 27. Rxd4 Rab8 28. h3 Nf6 29. Rf2 Qb6 30. Qd2 a4 31. Kh2 a3 32.
bxa3 Qb3 33. Nd1 Qxa3 34. Ne3 Rb3 35. Re2 Rcc3 36. Nf1 h5 37. Qe1 h4 38. gxh4 Bb5 39.
Rf2 Rxh3+ 40. Bxh3 Rxh3+ 41. Kg1 Ng4 42. Rg2 Bxf1 43.
Rxe4 Rh1+ 44. Kxh1 Qh3+ 0-1

[Event "*** SCC Grand Prix: Titled Tuesday Blitz"]
[Site "Chess.com"]
[Date "2020.06.02"]
[Round "9"]
[White "Shubinkirill2003"]
[Black "csati17"]
[Result "1-0"]
[WhiteElo "2722"]
[BlackElo "2586"]
[TimeControl "180+1"]
[EndTime "11:47:13 PDT"]
[Termination "Shubinkirill2003 won by resignation"]

1. e4 e6 2. d4 d5 3. Nc3 Bb4 4. e5 Ne7 5. a3 Bxc3+ 6. bxc3 b6 7. Qg4 Ng6 8. h4 h5 9. Qd1 Qd7 10. Ne2 Qc6 11. Bd2 Ba6 12. Ng3 Bxf1 13. Kxf1 Nd7 14.
Qe2 Ne7 15. Nxh5 Nf5 16. g4 g6 17. Ng3 Nxg3+ 18. fxg3 a5 19. a4 f6 20. Kg2 fxe5 21. Rhf1 O-O-O 22. dxe5 d4+ 23. Qf3 Nxe5 24. Qxc6 Nxc6 25. Bg5 Rd7 26. cxd4 Nxd4 27. Rad1 Nxc2 28. Rxd7 Kxd7 29. Rf7+ Kd6 30. Bf6 Rg8 31. h5 e5 32.
Rg7 Ne3+ 33. Kf3 Rf8 34. Kxe3 Rxf6 35. h6 Rf8 36. Rxg6+ Ke7 37. g5 Rh8 38. Rg7+ Ke6 39. Ke4 Rd8 40. h7 Rh8 41. g6 1-0

[Event "*** SCC Grand Prix: Titled Tuesday Blitz"]
[Site "Chess.com"]
[Date "2020.06.02"]
[Round "9"]
[White "korbul"]
[Black "Logman74"]
[Result "1-0"]
[WhiteElo "2488"]
[BlackElo "2363"]
[TimeControl "180+1"]
[EndTime "11:47:13 PDT"]
[Termination "korbul won on time"]

1. d4 Nf6 2. c4 g6 3. Nc3 Bg7 4. e4 O-O 5. f3 d6 6. Bg5 Nc6 7.
Nge2 a6 8. Rc1 Bd7 9. b3 b5 10.
Nd5 bxc4 11. bxc4 e6 12. Nxf6+ Bxf6 13. Bxf6 Qxf6 14. Qd2 Rab8 15. d5 Rb2 16. Qc3 Ne5 17.
f4 Ng4 18. e5 Rxe2+ 19. Bxe2 Qxf4 20. Bxg4 Qxg4 21. O-O exd5 22. cxd5 Bb5 23. Rfe1 dxe5 24. Rxe5 Rd8 25. h3 Qf4 26. Rce1 h5 27. Kh1 Kh7 28. Qe3 Qf6 29. Kh2 Rd6 30. Rd1 Bc4 31. Rd4 Bb5 32.
Rf4 Qg7 33. Re7 Rf6 34. Rxc7 g5 35. Qe4+ Kh6 36. Rxf6+ Qxf6 37. Re7 h4 38. Qe5 Qf2 39. Qd6+ Kh5 40. Qe5 Bf1 41. Qe4 Qg3+ 42. Kg1 Bd3 43. Qf3+ 1-0

[Event "*** SCC Grand Prix: Titled Tuesday Blitz"]
[Site "Chess.com"]
[Date "2020.06.02"]
[Round "9"]
[White "Igrok3069"]
[Black "1977Ivan"]
[Result "0-1"]
[WhiteElo "2746"]
[BlackElo "2619"]
[TimeControl "180+1"]
[EndTime "11:47:14 PDT"]
[Termination "1977Ivan won on time"]

1. d4 Nf6 2. c4 e6 3. Nc3 Bb4 4. Qc2 c5 5. dxc5 Na6 6. a3 Bxc3+ 7. Qxc3 Nxc5 8. b4 Na4 9. Qb3 b5 10. cxb5 Nb6 11. Nf3 Bb7 12. e3 O-O 13. Be2 Rc8 14. O-O d6 15. a4 Bd5 16. Qd1 e5 17. a5 Nc4 18. Nd2 Qd7 19. Nxc4 Bxc4 20. Bxc4 Rxc4 21. b6 axb6 22. a6 Ra8 23. e4 b5 24. Be3 Nxe4 25.
a7 d5 26. Qd3 Qb7 27. f3 Nc3 28. Rfe1 d4 29. Bf2 f6 30. Qf5 Qd5 31. f4 d3 32.
fxe5 d2 33. Rf1 d1=Q 34. Raxd1 Nxd1 35. Bc5 Nc3 36. Kh1 Ne4 37. Qh5 Nxc5 38. bxc5 Rxc5 39. Qg4 Qxe5 0-1